 Dungeon Crawl Stone Soup version 0.31-a0-795-g5eb97db20b (webtiles) character file.

Game seed: 18136902190724734497

1366 senseless the Ducker (level 8, -12/54 HPs)
             Began as an Octopode Shapeshifter on Sept 18, 2023.
             Was an Initiate of Qazlal.
             Killed from afar by Maggie (19 damage)
             ... with a bolt of fire
             ... on level 6 of the Dungeon.
             The game lasted 00:11:18 (4645 turns).

senseless the Ducker (Octopode Shapeshifter)        Turns: 4645, Time: 00:11:18

Health: -12/54     AC:  8    Str: 13    XL:     8   Next: 65%
Magic:  8/8        EV: 15    Int: 13    God:    Qazlal [......]
Gold:   309        SH:  0    Dex: 13    Spells: 7/7 levels left

rFire   . . .        a - +2 flail (protect)
rCold   . . .        (no shield)
rNeg    . . .        (helmet currently unavailable)
rPois   .            (no amulet)
rElec   .            m - ring of see invisible
rCorr   .            (no ring)
SInv    +            (no ring)
Will    .....        (no ring)
Stlth   ++           (no ring)
HPRegen 0.29/turn    (no ring)
MPRegen 0.11/turn    (no ring)
                     (no ring)

%: no passive effects
@: beast-form, under a protective aura, mesmerised
A: beast (slay +2), almost no armour, amphibious, 8 rings, camouflage 1,
gelatinous body 1, (nimble swimmer 1), tentacles
a: Begin Untransformation, Renounce Religion


You were on level 6 of the Dungeon.
You worshipped Qazlal.
Qazlal was noncommittal.
You were a hulking beast.
You visited 1 branch of the dungeon, and saw 6 of its levels.

You collected 309 gold pieces.

Inventory:

Hand Weapons
 a - a +2 flail of protection (weapon)
 b - a +0 triple crossbow
 p - a +2 whip of electrocution
 w - a +3 whip
Armour
 e - a +0 hat
Jewellery
 m - a ring of see invisible (left tentacle)
Talismans
 c - a flux talisman
 n - a beast talisman (active)
Wands
 r - a wand of flame (8)
 v - a wand of digging (4)
Scrolls
 g - 2 scrolls of revelation
 h - a scroll of fog
 k - 2 scrolls of teleportation
 o - 2 scrolls of amnesia
 t - a scroll of silence
Potions
 d - a potion of mutation
 f - a potion of curing
 i - 3 potions of brilliance
 j - a potion of lignification
 l - 2 potions of enlightenment {unknown}
 q - 2 potions of haste
 s - a potion of resistance {unknown}
 u - a potion of ambrosia {unknown}
 x - a potion of attraction {unknown}


   Skills:
 + Level 4.3 Fighting
 * Level 3.5 Ranged Weapons
 * Level 6.1 Dodging
 + Level 5.2 Unarmed Combat
 + Level 4.9 Shapeshifting


You had 7 spell levels left.
You didn't know any spells.
Your spell library was empty.

Dungeon Overview and Level Annotations

Branches:
Dungeon (6/15)             Temple (0/1) D:4

Altars:
Dithmenos
Gozag
Hepliaklqana
Qazlal
Uskayaw
Xom
Yredelemnul

Shops:
D:2 [

Annotations:
D:6 Maggie


Innate Abilities, Weirdness & Mutations

You are a hulking beast.
Your limbs bulge with bestial killing power. (Slay +2)
You cannot wear most types of armour.
You are amphibious.
You can wear up to eight rings at the same time.
Your skin changes colour to match your surroundings (Stealth+).
Your rubbery body absorbs attacks. (AC +1, EV +1)
((You are camouflaged when in or above water. (Stealth+)))
You have tentacles for arms and can constrict up to eight enemies at once.


Message History

You constrict Maggie, but do no damage. Maggie misses you.
Maggie closely misses you.
You sock Maggie! Your squeeze misses Maggie.
Maggie is moderately wounded.
You constrict Maggie. Maggie closely misses you.
You hit Maggie.
Maggie is heavily wounded.
You constrict Maggie. The adder misses you.
Maggie hits you with a +0 halberd of flaming!
* * * LOW HITPOINT WARNING * * *
Maggie burns you.
* * * LOW HITPOINT WARNING * * *
The adder bites you but does no damage.
You feel better.
You constrict Maggie.
Maggie casts a spell.
Maggie draws you further into her thrall.
The adder completely misses you.
You hit Maggie. You squeeze Maggie.
Maggie is heavily wounded.
You constrict Maggie. The adder closely misses you.
Maggie hits you with a +0 halberd of flaming!
* * * LOW HITPOINT WARNING * * *
Maggie burns you.
* * * LOW HITPOINT WARNING * * *
The adder bites you but does no damage.
Maggie hits you with a +0 halberd of flaming.
* * * LOW HITPOINT WARNING * * *
Maggie burns you.
* * * LOW HITPOINT WARNING * * *
You feel better.
You constrict Maggie, but do no damage. The adder bites you.
* * * LOW HITPOINT WARNING * * *
Maggie casts a spell at you. The bolt of fire misses you.
The bolt of fire hits the adder!!
The adder dies!
You hit Maggie.
Maggie is severely wounded.
You constrict Maggie! Maggie casts a spell at you. The bolt of fire hits you!!
You die...

#.. #... #.# #..S #.#
#... ... ..# #.# ... #.#
#.# ########.######.#
......##......#.####.#.#
.#.......##.....h..$...#
.#.##.##.##...###@##....
.#....##.###### ..# #
......##.# ..#
......##.# ..#
.#.......# ..#
##.#..#### ..# #.#..#
..# #.#..#


You could see Maggie (mesmerising).

Vanquished Creatures
  Edmund (D:5)
  A water moccasin (D:5)
  An ogre (D:5)
  A centaur (D:5)
  A phantom (D:5)
  Blork the orc (D:4)
  A bullfrog (D:4)
  A scorpion (D:4)
  A jelly (D:4)
  3 hounds
  5 orc priests
  A gnoll bouda (D:5)
  2 sleepcaps
  4 orc wizards
  2 iguanas
  5 gnolls (D:5)
  7 adders
  An ufetubus (D:4)
  3 dart slugs
  11 orcs
  3 bats
  8 endoplasms
  5 giant cockroaches
  7 goblins
  6 hobgoblins
  6 jackals
  3 quokkas
  8 ball pythons
  3 frilled lizards
  4 kobolds
  5 rats
111 creatures vanquished.

Vanquished Creatures (others)
  An adder (D:6)
1 creature vanquished.

Grand Total: 112 creatures vanquished

Notes
Turn   | Place    | Note
-------+----------+-------------------------------------------
     0 | D:1      | senseless the Octopode Shapeshifter began the quest for the
                  | Orb.
     0 | D:1      | Reached XP level 1. HP: 13/13 MP: 1/1
    98 | D:1      | Reached XP level 2. HP: 17/18 MP: 2/2
   520 | D:1      | Reached XP level 3. HP: 23/23 MP: 3/3
   981 | D:2      | Found Pelim's Antique Armour Shop.
   993 | D:2      | Found a faded altar of an unknown god.
  1503 | D:3      | Reached XP level 4. HP: 23/29 MP: 4/4
  1676 | D:3      | Reached skill level 3 in Dodging
  1680 | D:3      | Reached XP level 5. HP: 14/34 MP: 5/5
  1782 | D:3      | Found a shimmering altar of Xom.
  2029 | D:3      | Reached XP level 6. HP: 33/41 MP: 6/6
  2152 | D:3      | Found a hazy altar of Hepliaklqana.
  2179 | D:3      | Found a shadowy altar of Dithmenos.
  2179 | D:3      | Noticed a shadow
  2420 | D:4      | Reached skill level 4 in Dodging
  2664 | D:4      | Found a staircase to the Ecumenical Temple.
  2857 | D:4      | Reached XP level 7. HP: 46/46 MP: 7/7
  3074 | D:4      | Noticed Blork the orc
  3078 | D:4      | Killed Blork the orc
  3257 | D:5      | Entered Level 5 of the Dungeon
  3266 | D:5      | Reached skill level 1 in Ranged Weapons
  3266 | D:5      | Reached skill level 5 in Dodging
  3501 | D:5      | Reached XP level 8. HP: 54/54 MP: 8/8
  3581 | D:5      | Reached skill level 5 in Unarmed Combat
  3685 | D:5      | Noticed Edmund
  3695 | D:5      | Killed Edmund
  3860 | D:5      | Found a stormy altar of Qazlal.
  3868 | D:5      | Became a worshipper of Qazlal Stormbringer
  3898 | D:5      | Found a basalt altar of Yredelemnul.
  3913 | D:5      | Reached skill level 6 in Dodging
  3976 | D:5      | Found an opulent altar of Gozag.
  4481 | D:5      | Found a hide-covered altar of Uskayaw.
  4633 | D:6      | Noticed Maggie
  4643 | D:6      | HP: 2/54 [Maggie/+0 halberd of flaming (1)]
  4645 | D:6      | Killed from afar by Maggie

Illustrated notes

Levels and vault maps discovered:
D:1:      lightli_arrival_isolated_outpost, layout_basic, nicolae_the_louvre
D:2:      layout_loops_ring, serial_shops, shop,
          hellmonk_ecumenical_altar_dog_temple
D:3:      layout_loops_ring, xom_teletrap_fun,
          riverfiend_overflow_shadow_ancestor, minmay_misc_feat_encased
D:4:      layout_loops_corners, minmay_temple_entry_from_below_a,
          uniq_blork_the_orc
D:5:      layout_basic, mainiacjoe_overflow_24_doors, yredelemnul_altar_generic,
          kennysheep_little_box, grunt_gozag_breadcrumbs,
          chequers_serial_rivers_micro_b, uniq_edmund
D:6:      layout_loops_cross, cheibriados_altar_1, serial_shops, shop,
          uniq_maggie

Skill      XL: |  1  2  3  4  5  6  7  8 |
---------------+-------------------------+-----
Fighting       | 2 3 4 |  4.3
Dodging        | 3 4 5 6 |  6.1
Unarmed Combat | 4 5 |  5.2
Shapeshifting  | 4 |  4.9
Ranged Weapons | 2 3 |  3.5

Action                     |  1- 3 |  4- 6 |  7- 9 || total
---------------------------+-------+-------+-------++-------
  Melee: Unarmed           |    28 |       |       ||    28
         Constrict         |    18 |    10 |    10 ||    38
         Tentacles         |    13 |     9 |     8 ||    30
         Whip              |    38 |    44 |    34 ||   116
         Punch             |     1 |       |     2 ||     3
         Flail             |       |       |    17 ||    17
   Fire: Sling             |     4 |    33 |       ||    37
         Triple crossbow   |       |    19 |    60 ||    79
    Use: Scroll            |       |     8 |     6 ||    14
         Potion            |       |       |     2 ||     2
   Stab: Sleeping          |    12 |       |       ||    12
 Armour: Skin              |    25 |    20 |    49 ||    94
  Dodge: Dodged            |    36 |    27 |    45 ||   108

Table legend: (Time is in decaauts)
 A = Elapsed time spent in this place.
 B = Non-inter-level travel time spent in this place.
 C = Inter-level travel time spent in this place.
 D = Time resting spent in this place.
 E = Time spent auto-exploring this place.
 F = Levels seen in this place.
 G = Mean time per level.
                   A        B        C        D        E       F      G
               +--------+--------+--------+--------+--------+-----+--------+
         Total |   4738 |   4606 |    132 |      0 |   3830 |   6 |  789.7 |
       Dungeon |   4738 |   4606 |    132 |      0 |   3830 |   6 |  789.7 |
               +--------+--------+--------+--------+--------+-----+--------+

Top non-repeatable levels by time:
     D:5: 1383 daAuts
     D:3: 992 daAuts
     D:4: 896 daAuts
     D:1: 718 daAuts
     D:2: 689 daAuts
     D:6: 58 daAuts
